 Dungeon Crawl Stone Soup version 0.28.0-45-g0d030f2227 (webtiles) character file.

Game seed: 16890305026849538168

5670 croobank the Magician (level 10, -1/74 HPs)
             Began as a Gnoll Fire Elementalist on Apr 8, 2022.
             Was an Initiate of Gozag.
             Slain by a death yak (13 damage)
             ... on level 8 of the Dungeon.
             The game lasted 00:36:05 (10835 turns).

croobank the Magician (Gnoll Fire Elementalist)    Turns: 10835, Time: 00:36:05

Health: -1/74      AC:  8    Str:  8    XL:     10   Next: 75%
Magic:  1/21       EV: 16    Int: 25    God:    Gozag
Gold:   837        SH:  0    Dex: 19    Spells: 14/24 levels left

rFire   + . .      SeeInvis +   K - +4 falchion of Karian {vorpal, rElec rF+ Int+7 SInv}
rCold   . . .      Faith    .   (no shield)
rNeg    . . .      Spirit   .   J - +1 robe {Will+}
rPois   .          Reflect  .   (no helmet)
rElec   +          Harm     .   d - +0 cloak
rCorr   .          Rampage  .   (no gloves)
Will    +....                   (no boots)
Stlth   ++++......              h - amulet of the acrobat
HPRegen 0.22/turn               p - +4 ring of protection
MPRegen 0.17/turn               D - +6 ring of dexterity

@: no status effects
A: fangs 1, strong nose, distributed training
a: Renounce Religion, Potion Petition, Call Merchant, Bribe Branch


You were on level 8 of the Dungeon.
You worshipped Gozag.
Gozag was pleased with you.
You visited 2 branches of the dungeon, and saw 10 of its levels.

You collected 878 gold pieces.
You paid 41 gold pieces to Gozag.

Inventory:

Hand Weapons
 a - the +9 hand axe of Mastery {chaos, MP+9 Str+4 Dex+3 SInv}
   (You took it off an orc on level 5 of the Dungeon)

   Each time it hits an enemy it has a different, random effect.
   Str:       It affects your strength (+4).
   Dex:       It affects your dexterity (+3).
   MP:        It affects your magic capacity (+9).
   SInv:      It lets you see invisible.
 b - a +0 hunting sling
 e - a +2 vorpal falchion
 n - a +0 arbalest
 r - a +1 vampiric dagger
 s - a +4 vorpal flail
 A - a +2 hand axe of distortion
 G - a +0 morningstar
 K - the +4 falchion of Karian (weapon) {vorpal, rElec rF+ Int+7 SInv}
   (You found it on level 7 of the Dungeon)

   It inflicts extra damage upon your enemies.
   Int:       It affects your intelligence (+7).
   rF:        It protects you from fire.
   rElec:     It insulates you from electricity.
   SInv:      It lets you see invisible.
Missiles
 f - 303 stones
 m - 107 sling bullets
 q - 50 bolts
 w - 170 arrows
 x - 5 javelins
Armour
 d - a +0 cloak (worn)
 k - a +0 robe
 u - a +0 leather armour
 J - a +1 robe of willpower (worn)
Magical Staves
 j - a staff of poison
Jewellery
 h - an amulet of the acrobat (around neck)
 l - a ring of fire
 p - a +4 ring of protection (left hand)
 D - a +6 ring of dexterity (right hand)
Wands
 g - a wand of paralysis (4)
 t - a wand of mindburst (13)
 F - a wand of iceblast (2)
 I - a wand of charming (11) (quivered)
Scrolls
 o - a scroll of holy word
 y - a scroll of fog
 H - 2 scrolls of amnesia
Potions
 c - a potion of might
 i - a potion of attraction
 v - a potion of mutation
 z - 3 potions of curing
 B - a potion of haste {unknown}
 C - a potion of degeneration {unknown}
 E - a potion of invisibility {unknown}


   Skills:
 + Level 5.5 Fighting
 + Level 5.5 Short Blades
 + Level 5.5 Long Blades
 + Level 5.5 Axes
 + Level 5.5 Maces & Flails
 + Level 5.5 Polearms
 + Level 5.5 Staves
 + Level 5.5 Slings
 + Level 5.5 Bows
 + Level 5.5 Crossbows
 + Level 5.5 Throwing
 + Level 5.5 Armour
 + Level 7.3 Dodging
 + Level 7.0 Stealth
 + Level 5.5 Shields
 + Level 5.5 Unarmed Combat
 + Level 7.6 Spellcasting
 + Level 5.1 Conjurations
 + Level 4.6 Hexes
 + Level 4.6 Summonings
 + Level 4.6 Necromancy
 + Level 4.6 Translocations
 + Level 4.6 Transmutations
 + Level 7.2 Fire Magic
 + Level 4.6 Ice Magic
 + Level 4.6 Air Magic
 + Level 4.6 Earth Magic
 + Level 4.6 Poison Magic
 + Level 6.1 Invocations
 + Level 5.5 Evocations


You had 14 spell levels left.
You knew the following spells:

 Your Spells              Type           Power      Damage    Failure   Level
a - Foxfire               Conj/Fire      100%       2x1d9     1%          1
b - Scorch                Fire           90%        2d10      1%          2
c - Flame Wave            Conj/Fire      40%        2d9       4%          4
d - Conjure Flame         Conj/Fire      40%        6-21      1%          3

Your spell library contained the following spells:

 Spells                   Type           Power      Damage    Failure   Level
 Corpse Rot               Necr/Air       64%        N/A       1%          2
 Inner Flame              Hex/Fire       39%        N/A       1%          3
 Hailstorm                Conj/Ice       33%        3d8       9%          4
 Dispel Undead            Necr           32%        3d14      10%         4
 Death Channel            Necr           16%        N/A       82%         6
 Borgnjor's Revivificati  Necr           16%        N/A       100%        8
 Necromutation            Tmut/Necr      16%        N/A       100%        8
 Death's Door             Necr           16%        N/A       100%        9
 Fire Storm               Conj/Fire      20%        8d5       100%        9


Dungeon Overview and Level Annotations

Branches:
Dungeon (9/15)             Temple (1/1) D:4            Lair (0/6) D:9
    Orc (0/2) D:9

Altars:
Ashenzari
Cheibriados
Fedhas
Gozag
Hepliaklqana
Kikubaaqudgha
Makhleb
Nemelex Xobeh
Qazlal
Ru
Trog
Vehumet
Wu Jian
Yredelemnul
Zin

Annotations:
D:6 2 runed translucent doors


Innate Abilities, Weirdness & Mutations

You have very sharp teeth.
Your uncanny sense of smell can sniff out nearby items.
Your experience applies equally to all skills.


Message History

The death yak gores you but does no damage.
Casting: Scorch (safe; 1% risk of failure)
Confirm with . or Enter, or press ? or * to list all spells.
Flames lash the death yak but do no damage.
The death yak misses you.
Casting: Scorch (safe; 1% risk of failure)
Confirm with . or Enter, or press ? or * to list all spells.
Flames lash the death yak.
The death yak is burned terribly!
The death yak is moderately wounded.
The death yak gores you.
Casting: Scorch (safe; 1% risk of failure)
Confirm with . or Enter, or press ? or * to list all spells.
Flames lash the death yak.
The death yak is burned terribly!
The death yak is moderately wounded.
The death yak barely misses you.
Casting: Scorch (safe; 1% risk of failure)
Confirm with . or Enter, or press ? or * to list all spells.
Flames lash the death yak.
The death yak is burned terribly!
The death yak is heavily wounded.
The death yak completely misses you.
Casting: Scorch (safe; 1% risk of failure)
Confirm with . or Enter, or press ? or * to list all spells.
Flames lash the death yak but do no damage.
The death yak closely misses you.
Casting: Scorch (safe; 1% risk of failure)
Confirm with . or Enter, or press ? or * to list all spells.
You don't have enough magic to cast this spell.
You hit the death yak but do no damage.
The death yak is heavily wounded.
The death yak gores you!
You hit the death yak but do no damage.
The death yak is heavily wounded.
The death yak gores you!!
You hit the death yak.
The death yak is heavily wounded.
The death yak gores you!!
* * * LOW HITPOINT WARNING * * *
You feel better. The death yak gores you!
You die...
Your body crumbles into a pile of gold.

...##.# #.#####.........#
......######....<#.........#
...##......#.###.#.........#
#.###.####....##.#.........#
#.# #.# #.............#####
#.###.####...<##.#######
#........#.#..##.#
#####......#..##.#
####.......Y@# #####.#####
#.# #.# #.# #.# ###### #.#
#....# #.# #.##.#
##.###.##.# #


You could see a death yak (combustible).

Vanquished Creatures
  A death yak (D:9)
  Pikel (D:4)
  Psyche (D:9)
  A troll (D:6)
  Grinder (D:4)
  A wyvern (D:7)
  A yak (D:7)
  2 steam dragons (D:8)
  Edmund (D:5)
  Duvessa (D:5)
  3 water moccasins
  An orc warrior (D:7)
  An ice beast (D:5)
  3 sky beasts
  3 ogres
  4 centaurs
  3 lemures (D:4)
  Blork the orc (D:5)
  4 bullfrogs
  A kobold brigand (D:7)
  A scorpion (D:5)
  A wyvern skeleton (D:6)
  6 killer bees (D:9)
  Dowan (D:5)
  2 howler monkeys
  4 centaur zombies
  A bullfrog zombie (D:7)
  5 orc priests
  2 centaur skeletons (D:7)
  A bullfrog skeleton (D:6)
  A hound (D:5)
  A jelly (D:7)
  4 orc wizards
  6 iguanas
  A hell rat (D:9)
  A killer bee zombie (D:6)
  2 howler monkey zombies
  4 adders
  3 river rats
  A shadow imp (D:6)
  4 white imps
  An ufetubus (D:7)
  2 adder skeletons
  2 worms
  A dart slug (D:2)
  14 orcs
  7 endoplasms
  2 giant cockroaches
  6 goblins
  6 hobgoblins
  4 jackals (D:1)
  2 quokkas
  6 ball pythons
  3 bats
  5 frilled lizards
  8 kobolds
  9 rats
165 creatures vanquished.

Vanquished Creatures (others)
  A kobold (D:9)
  189 foxfires
190 creatures vanquished.

Grand Total: 355 creatures vanquished

Notes
Turn   | Place    | Note
-------+----------+-------------------------------------------
     0 | D:1      | croobank the Gnoll Fire Elementalist began the quest for
                  | the Orb.
     0 | D:1      | Reached XP level 1. HP: 13/13 MP: 6/6
   235 | D:1      | Reached XP level 2. HP: 19/19 MP: 4/7
   238 | D:1      | Learned a level 2 spell: Scorch
  1401 | D:1      | Reached XP level 3. HP: 18/25 MP: 3/9
  1488 | D:1      | Reached skill level 5 in Spellcasting
  1758 | D:2      | Reached skill level 1 in Invocations
  2692 | D:3      | Reached skill level 1 in Fighting
  2692 | D:3      | Reached skill level 1 in Short Blades
  2692 | D:3      | Reached skill level 1 in Long Blades
  2692 | D:3      | Reached skill level 1 in Axes
  2692 | D:3      | Reached skill level 1 in Maces & Flails
  2692 | D:3      | Reached skill level 1 in Polearms
  2692 | D:3      | Reached skill level 1 in Staves
  2692 | D:3      | Reached skill level 1 in Slings
  2692 | D:3      | Reached skill level 1 in Bows
  2692 | D:3      | Reached skill level 1 in Crossbows
  2692 | D:3      | Reached skill level 1 in Throwing
  2692 | D:3      | Reached skill level 1 in Armour
  2692 | D:3      | Reached skill level 1 in Shields
  2692 | D:3      | Reached skill level 1 in Unarmed Combat
  2692 | D:3      | Reached skill level 1 in Evocations
  2692 | D:3      | Reached XP level 4. HP: 32/32 MP: 3/11
  2834 | D:3      | Reached skill level 1 in Hexes
  2834 | D:3      | Reached skill level 1 in Summonings
  2834 | D:3      | Reached skill level 1 in Necromancy
  2834 | D:3      | Reached skill level 1 in Translocations
  2834 | D:3      | Reached skill level 1 in Transmutations
  2834 | D:3      | Reached skill level 1 in Ice Magic
  2834 | D:3      | Reached skill level 1 in Air Magic
  2834 | D:3      | Reached skill level 1 in Earth Magic
  2834 | D:3      | Reached skill level 1 in Poison Magic
  2837 | D:3      | Reached XP level 5. HP: 25/37 MP: 0/12
  3193 | D:3      | Found a faded altar of an unknown god.
  3922 | D:4      | Noticed a sky beast
  3928 | D:4      | Killed a sky beast
  3929 | D:4      | Reached skill level 5 in Dodging
  3929 | D:4      | Reached XP level 6. HP: 44/44 MP: 7/14
  4206 | D:4      | Noticed Pikel
  4214 | D:4      | Learned a level 4 spell: Flame Wave
  4275 | D:5      | Entered Level 5 of the Dungeon
  4335 | D:5      | Noticed a water moccasin
  4342 | D:4      | Killed Pikel
  4343 | D:4      | Reached skill level 5 in Stealth
  4343 | D:4      | Reached XP level 7. HP: 23/51 MP: 7/15
  4343 | D:4      | Reached XP level 8. HP: 26/57 MP: 7/16
  4606 | D:4      | Learned a level 3 spell: Conjure Flame
  4666 | D:4      | Noticed Grinder
  4678 | D:4      | Killed Grinder
  4785 | D:4      | Found a staircase to the Ecumenical Temple.
  4939 | Temple   | Entered the Ecumenical Temple
  5175 | Temple   | Became a worshipper of Gozag Ym Sagoz the Greedy
  5374 | D:5      | Noticed Blork the orc
  5386 | D:5      | Killed Blork the orc
  5881 | D:5      | Reached XP level 9. HP: 65/65 MP: 7/18
  6025 | D:5      | Identified the +9 hand axe of Mastery {chaos, MP+9 Str+4
                  | Dex+3 SInv}
  6141 | D:5      | Noticed Duvessa
  6144 | D:5      | Noticed Dowan
  6149 | D:5      | Killed Duvessa
  6154 | D:5      | Noticed Edmund
  6159 | D:5      | Killed Dowan
  6165 | D:5      | Killed Edmund
  6620 | D:6      | Found a large runed translucent door.
  6620 | D:6      | Found a large runed translucent door.
  7038 | D:6      | Noticed a troll
  7046 | D:6      | Killed a troll
  7577 | D:7      | Reached skill level 5 in Invocations
  7937 | D:7      | Reached XP level 10. HP: 71/73 MP: 20/20
  7996 | D:7      | Noticed a boulder beetle
  8488 | D:8      | Reached skill level 5 in Fighting
  8488 | D:8      | Reached skill level 5 in Short Blades
  8488 | D:8      | Reached skill level 5 in Long Blades
  8488 | D:8      | Reached skill level 5 in Axes
  8488 | D:8      | Reached skill level 5 in Maces & Flails
  8488 | D:8      | Reached skill level 5 in Polearms
  8488 | D:8      | Reached skill level 5 in Staves
  8488 | D:8      | Reached skill level 5 in Slings
  8488 | D:8      | Reached skill level 5 in Bows
  8488 | D:8      | Reached skill level 5 in Crossbows
  8488 | D:8      | Reached skill level 5 in Throwing
  8488 | D:8      | Reached skill level 5 in Armour
  8488 | D:8      | Reached skill level 5 in Shields
  8488 | D:8      | Reached skill level 5 in Unarmed Combat
  8488 | D:8      | Reached skill level 5 in Evocations
  9330 | D:9      | Noticed a death yak
  9344 | D:9      | Noticed a death yak
  9352 | D:9      | Killed a death yak
  9631 | D:9      | Found a staircase to the Orcish Mines.
  9635 | D:9      | Noticed Psyche
  9655 | D:9      | Reached skill level 5 in Conjurations
  9657 | D:9      | Noticed a death yak
  9664 | D:9      | Found a staircase to the Lair.
 10078 | D:7      | Paralysed by an orc wizard for 6 turns
 10358 | D:7      | Identified the +4 falchion of Karian {vorpal, rElec rF+
                  | Int+7 SInv}
 10685 | D:9      | Got Zantuowo's Volume of Battle Magic
 10729 | D:9      | Killed Psyche
 10835 | D:8      | Slain by a death yak

Illustrated notes

Levels and vault maps discovered:
D:1:      sevenhm_arrival_forest_fort_small_4, layout_basic
D:2:      layout_basic, serial_rivers, chequers_serial_rivers_micro_a,
          chequers_serial_rivers_micro_a, chequers_serial_rivers_large_a,
          chequers_serial_rivers_large_b, chequers_serial_rivers_room_a,
          chequers_serial_rivers_room_b, minmay_pentomino_q4
D:3:      layout_loops_ring, ebering_ecumenical_altar_box
D:4:      layout_basic, minmay_temple_entry_poolview, uniq_grinder, uniq_pikel
D:5:      layout_layer_cave, st_stairs_13, uniq_duvessa, uniq_blork_the_orc,
          uniq_edmund
D:6:      layout_loops_ring, jmf_multi_god_temple2
D:7:      minmay_chambers_of_sevens, layout_basic
D:8:      layout_loops_corners
D:9:      layout_roguey, dpeg_lair_monsters, uniq_psyche
Temple:   mainiacjoe_temple_big_plus

Skill      XL: |  1  2  3  4  5  6  7  8  9 10 |
---------------+-------------------------------+-----
Conjurations   | 2 3 4 5 |  5.1
Spellcasting   | 5 6 7 |  7.6
Invocations    | 1 2 3 4 5 6 |  6.1
Fighting       | 1 2 3 4 5 |  5.5
Short Blades   | 1 2 3 4 5 |  5.5
Long Blades    | 1 2 3 4 5 |  5.5
Axes           | 1 2 3 4 5 |  5.5
Maces & Flails | 1 2 3 4 5 |  5.5
Polearms       | 1 2 3 4 5 |  5.5
Staves         | 1 2 3 4 5 |  5.5
Slings         | 1 2 3 4 5 |  5.5
Bows           | 1 2 3 4 5 |  5.5
Crossbows      | 1 2 3 4 5 |  5.5
Throwing       | 1 2 3 4 5 |  5.5
Armour         | 1 2 3 4 5 |  5.5
Shields        | 1 2 3 4 5 |  5.5
Unarmed Combat | 1 2 3 4 5 |  5.5
Evocations     | 1 2 3 4 5 |  5.5
Hexes          | 1 2 3 4 |  4.6
Summonings     | 1 2 3 4 |  4.6
Necromancy     | 1 2 3 4 |  4.6
Translocations | 1 2 3 4 |  4.6
Transmutations | 1 2 3 4 |  4.6
Ice Magic      | 1 2 3 4 |  4.6
Air Magic      | 1 2 3 4 |  4.6
Earth Magic    | 1 2 3 4 |  4.6
Poison Magic   | 1 2 3 4 |  4.6
Dodging        | 5 6 7 |  7.3
Stealth        | 5 6 7 |  7.0
Fire Magic     | 6 7 |  7.2

Action                   |  1- 3 |  4- 6 |  7- 9 | 10-12 || total
-------------------------+-------+-------+-------+-------++-------
Melee: Falchion          |     5 |    19 |     8 |     3 ||    35
       Bite              |     1 |     1 |     4 |     4 ||    10
       Hand axe          |       |       |    50 |    14 ||    64
       Punch             |       |       |     3 |       ||     3
 Cast: Foxfire           |    31 |    12 |    54 |    16 ||   113
       Scorch            |    26 |    34 |    73 |    77 ||   210
       Flame Wave        |       |     1 |       |     4 ||     5
       Conjure Flame     |       |       |     3 |    10 ||    13
Evoke: Wand              |       |     2 |       |     1 ||     3
  Use: Scroll            |       |    10 |     3 |     7 ||    20
       Potion            |       |       |     2 |     1 ||     3
Armor: Robe              |     2 |       |    18 |    11 ||    31
       Skin              |       |       |     3 |       ||     3
Dodge: Dodged            |    18 |    23 |    65 |    71 ||   177
